 Dungeon Crawl Stone Soup version 0.30-a0-377-g5cb311bc9f (webtiles) character file.

Game seed: 11407543220827578375

55 NinjaNoafa the Caller (level 3, 0/14 HPs)
             Began as a Felid Summoner on Nov 27, 2022.
             Hit by a boomerang thrown by an orc (2 damage)
             ... on level 3 of the Dungeon.
             The game lasted 00:10:12 (2793 turns).

NinjaNoafa the Caller (Felid Summoner)              Turns: 2793, Time: 00:10:12

Health: 0/14       AC:  1    Str:  4    XL:     3   Next: 67%
Magic:  0/8        EV: 18    Int: 18    God:
Gold:   204        SH:  0    Dex: 22    Spells: 2/8 levels left
                                        Lives:  0   Deaths: 1

rFire   . . .      SeeInvis +    (weapon unavailable)
rCold   . . .      Faith    .    (shield unavailable)
rNeg    . . .      Spirit   .    (body armour unavailable)
rPois   .          Reflect  .    (helmet unavailable)
rElec   .          Harm     .    (cloak unavailable)
rCorr   .          Rampage  .    (gloves unavailable)
Will    .....                    (boots unavailable)
Stlth   +++.......               (no amulet)
HPRegen 0.22/turn                b - +6 ring of dexterity
MPRegen 0.11/turn                (no ring)

@: quick
A: very small, claws 1, fangs 3, see invisible, speed 1, shaggy fur 1, stealthy
paws, no weapons or thrown items, no armour, multi-lived
a: no special abilities


You were on level 3 of the Dungeon.
You visited 1 branch of the dungeon, and saw 3 of its levels.

You collected 204 gold pieces.

Inventory:

Jewellery
 b - a +6 ring of dexterity (left paw)
 k - an amulet of magic regeneration
Wands
 j - a wand of roots (7)
Scrolls
 c - a scroll of silence {unknown}
 e - a scroll of fear {unknown}
 f - a scroll of magic mapping {unknown}
 g - a scroll of identify {unknown}
 i - a scroll of immolation {unknown}
 n - a scroll of summoning {unknown}
Potions
 a - a potion of magic
 d - a potion of might {unknown}
 h - a potion of heal wounds {unknown}
 l - a potion of mutation {unknown}
 m - a potion of degeneration {unknown}


   Skills:
 - Level 2.6 Dodging
 - Level 2.6 Stealth
 + Level 3.4 Spellcasting
 + Level 5.1 Summonings


You had 2 spell levels left.
You knew the following spells:

 Your Spells              Type           Power      Damage    Failure   Level
a - Summon Small Mammal   Summ           84%        N/A       1%          1
b - Call Imp              Summ           21%        N/A       3%          2
c - Call Canine Familiar  Summ           21%        N/A       6%          3

Your spell library contained the following spells:

 Spells                   Type           Power      Damage    Failure   Level
 Summon Guardian Golem    Hex/Summ       12%        N/A       16%         3
 Summon Lightning Spire   Summ/Air       12%        N/A       47%         4


Dungeon Overview and Level Annotations

Branches:
Dungeon (3/15)

Altars:

Annotations:
D:3 Ijyb


Innate Abilities, Weirdness & Mutations

You have sharp claws.
You have razor-sharp teeth.
You have supernaturally acute eyesight. (SInv)
You cover ground quickly. (Speed+)
You are covered in fur. (AC +1)
Your paws help you pounce on unaware monsters.
You are incapable of wielding weapons or throwing items.
You cannot wear armour.
You gain extra lives every three experience levels.


Message History

The orc wizard hits you with a +0 dagger.
The orc wizard points at you and mumbles some strange words.
Your quokka resists with significant effort.
The orc throws a boomerang.
The boomerang hits the orc wizard.
The orc wizard hits something but does no damage.
The orc throws a boomerang.
The boomerang closely misses the orc wizard.
The boomerang barely misses your quokka.
The boomerang hits your crimson imp.
The orc throws a boomerang.
The boomerang hits the orc wizard.
Your quokka misses the orc wizard. The orc wizard casts a spell at you.
Your crimson imp easily resists.
Your crimson imp blinks!
Your quokka bites the orc wizard.
The orc wizard barely misses your quokka.
Your quokka barely misses the orc wizard.
You swap places.
The orc wizard gestures at your quokka while chanting.
The magic dart hits your quokka. Something hits your quokka.
Your quokka dies!
Your quokka's corpse disappears in a puff of smoke!
Your crimson imp blinks!
Your crimson imp blinks!
The orc hits you but does no damage.
The orc wizard closely misses your quokka.
You scratch the orc wizard but do no damage.
The orc wizard is almost dead.
The orc wizard points at you and mumbles some strange words.
The magic dart hits you!
Ouch! That really hurt!
* * * LOW HITPOINT WARNING * * *
The orc closely misses you.
Unknown command.
The orc wizard hits your quokka with a +0 dagger.
The orc throws a boomerang.
The boomerang misses you.
Casting: Summon Small Mammal (safe; 1% risk of failure)
Confirm with . or Enter, or press ? or * to list all spells.
The orc wizard hits your quokka with a +0 dagger.
The orc throws a boomerang.
The boomerang hits you.
You die...

.......##...)..###.#
###..).#..#..#.##..###
#.#....#..##.#......
#.##>†...........# ##..
..#......#......####....
#...........#.#...........
.....#....#....o.#.........
.(.####.###......#.......#
... ### #...or@#.......# ..
#...r5.#.......# #
#..............###
##......#.†.......#
#.......#.......#
#.........#<......#
...##......#(.(....# #..
################ ##


You could see an orc wizard (invisible), an orc (ally target), a friendly
crimson imp (summoned) and 2 friendly quokkas.

Vanquished Creatures
  An orc (D:3)
1 creature vanquished.

Vanquished Creatures (collateral kills)
  A hound (D:3)
  An adder (D:2)
  3 worms
  2 orcs (D:3)
  5 endoplasms
  3 giant cockroaches
  6 goblins
  3 hobgoblins
  4 jackals (D:3)
  4 kobolds
  A quokka (D:3)
  6 ball pythons
  6 bats
  2 frilled lizards (D:1)
  2 rats
49 creatures vanquished.

Vanquished Creatures (others)
  3 withered plants (D:1)
3 creatures vanquished.

Grand Total: 53 creatures vanquished

Notes
Turn   | Place    | Note
-------+----------+-------------------------------------------
     0 | D:1      | NinjaNoafa the Felid Summoner began the quest for the Orb.
     0 | D:1      | Reached XP level 1. HP: 7/7 MP: 4/4
   368 | D:1      | Reached XP level 2. HP: 11/11 MP: 3/6
   377 | D:1      | Learned a level 2 spell: Call Imp
   440 | D:1      | Found a faded altar of an unknown god.
  1360 | D:2      | Reached XP level 3. HP: 14/14 MP: 6/8
  2206 | D:3      | Reached XP level 4. HP: 9/18 MP: 5/9
  2271 | D:3      | Reached skill level 5 in Summonings
  2345 | D:3      | Noticed Ijyb
  2558 | D:3      | Killed from afar by Ijyb
  2559 | D:3      | Reached XP level 3. HP: -3/14 MP: 8/8
  2627 | D:3      | Learned a level 3 spell: Call Canine Familiar
  2793 | D:3      | Hit by a boomerang thrown by an orc

Illustrated notes

Levels and vault maps discovered:
D:1:      lightli_arrival_chessboard, layout_loops_ring,
          ebering_ecumenical_altar_petrified, patterned_corridor
D:2:      layout_basic
D:3:      layout_rooms, hangedman_decor_points, uniq_ijyb

Skill      XL: |  1  2  3  4 |
---------------+-------------+-----
Spellcasting   | 3 |  3.4
Summonings     | 5 |  5.1
Dodging        | |  2.6
Stealth        | |  2.6

Action                   |  1- 3 |  4- 6 || total
-------------------------+-------+-------++-------
Melee: Unarmed           |     4 |     1 ||     5
       Bite              |     1 |       ||     1
 Cast: Summon Small Mamm |    70 |    17 ||    87
       Call Imp          |    10 |     5 ||    15
       Call Canine Famil |     1 |       ||     1
 Stab: Sleeping          |       |     1 ||     1
Armor: Skin              |     2 |     1 ||     3
Dodge: Dodged            |    46 |    14 ||    60

Table legend: (Time is in decaauts)
 A = Elapsed time spent in this place.
 B = Non-inter-level travel time spent in this place.
 C = Inter-level travel time spent in this place.
 D = Time resting spent in this place.
 E = Time spent auto-exploring this place.
 F = Levels seen in this place.
 G = Mean time per level.
                   A        B        C        D        E       F      G
               +--------+--------+--------+--------+--------+-----+--------+
         Total |   2452 |   2375 |     77 |      0 |   1779 |   3 |  817.3 |
       Dungeon |   2452 |   2375 |     77 |      0 |   1779 |   3 |  817.3 |
               +--------+--------+--------+--------+--------+-----+--------+

Top non-repeatable levels by time:
     D:1: 982 daAuts
     D:2: 935 daAuts
     D:3: 533 daAuts
